Tomo Gozen, lawful female human Samurai `######################################### ----- # ` # |...| ..| # ##-(...# `I.I####### ###|...|# ..| # -----# # # # # # # # # # # ------- # # |.....| -----+--# # |....%| |....<.|# # |..>..| |......|# ##-...{.| |.......# -----+- |.....(| -------- Tomo Gozen the Hatamoto Experience level: 2 Strength: 15 Dexterity: 18 Constitution: 17 Intelligence: 9 Wisdom: 8 Charisma: 8 Health: 0(24) Energy: 4(4) Def: 6 Gold: 121 Moves: 1048 Dungeon seed: wm64C_svYQ9TE-m5 Game ID: Tomo Gozen_1591343513 Your Inventory: Coins $ - 121 gold pieces Amulets l - a cursed amulet of restful sleep Weapons a - an uncursed +0 katana (weapon in hand) c - an uncursed +0 yumi (alternate weapon; not wielded) d - 30 uncursed +0 ya (in quiver) A - an uncursed +0 mace Armor e - a blessed rustproof +0 splint mail (being worn) Comestibles g - an uncursed carrot o - 2 uncursed gunyoki v - an uncursed tripe ration Potions B - a cursed potion of object detection Wands y - an uncursed wand of cold (0:4) C - an uncursed wand of secret door detection (0:13) Tools f - an uncursed oil lamp (0:1401) w - an uncursed sack Contents of the sack: 33 gold pieces an uncursed scroll of gold detection a cursed scroll of gold detection an uncursed scroll of remove curse an uncursed scroll of scare monster an uncursed potion of blindness an uncursed potion of healing an uncursed potion of see invisible Spells and supernatural/magical abilities: Name Level Category Cost Memory K - cure sickness 3 healing 3000pw 99% W - pray for help -- divine ? -- Your skills at the end: Fighting Skills martial arts [Basic] wands [Basic] Weapon Skills short sword [Basic] long sword [Basic] bow [Basic] Spellcasting Skills Final Attributes: You had strayed. You were blinded. You were fast. You were lucky. Amaterasu Omikami was noncommittal. You are dead. Vanquished creatures: a little dog 2 acid blobs a giant rat a gnome 5 jackals a fox a kobold a goblin 6 grid bugs 3 lichens 3 newts 25 creatures vanquished. Voluntary challenges: You were an atheist. You used a wielded weapon 26 times, starting on turn 185. You read items or engraved 6 times, starting on turn 190. You never genocided any monsters. You never polymorphed an object. You never changed form. You used no wishes. You never split a pudding. You never wrote Elbereth's name. You violated your moral code, losing 21 points of alignment, starting on turn 1046. Dungeon overview: The Dungeons of Doom: levels 1 to 4 Level 1 a fountain a long staircase Level 2 a general store, a fountain stairs to The Gnomish Mines Level 3 a general store Level 4 <- You were here a fountain, a vault The Gnomish Mines: Level 3 stairs to The Dungeons of Doom History has recorded: On T:1 you entered the Dungeons of Doom to retrieve the Amulet of Yendor! On T:183 you reached level 2 of The Dungeons of Doom. On T:222 you reached level 1 of The Gnomish Mines. On T:473 you reached level 3 of The Dungeons of Doom. On T:654 you advanced to experience level 2. On T:900 you reached level 4 of The Dungeons of Doom. Score breakdown: Gold: 154 ( 7450 points) Experience: 2 levels ( 5570 points) Exploration: 4 levels ( 8.16%) ( 7500 points) Discoveries: 4 items ( 1.60%) ( 3794 points) Valuables value: (no points given unless you survive) Artifact value: 0 ( 0 points) Variety of kills: 11 monsters ( 2.89%) ( 5104 points) Turncount: 1048 turns ( 0 points) Survival: died (score multiplied by 80%) Total score: 23534 Latest messages: It must be a scroll of stinking cloud. Something is burning your lungs! You cough and spit blood! It coughs! Wait! There's something there you can't see! Something is burning your lungs! You cough and spit blood! You dishonorably attack the innocent! Your conscience bothers you... It yelps! You hit it. It bumps right into you! Something is burning your lungs! You cough and spit blood! There's still a monster there. You sense a monster nearby! It bites! You are put to sleep! Something is burning your lungs! You cough and spit blood! You die... For some reason, you think that you can almost hear the Wizard laugh manically... Final status: Sayonara Tomo Gozen the Samurai, killed by a gas cloud, while sleeping... You died in The Dungeons of Doom on dungeon level 4 with 23534 points, and 154 pieces of gold, after 1048 moves. You were level 2 with a maximum of 24 hit points when you died.